 Dungeon Crawl Stone Soup version 0.17.1-1-g73c8601 (webtiles) character file.

421 Implojin the Grappler (level 6, 0/59 HPs)
             Began as a Troll Monk on Apr 9, 2016.
             Slain by an orc priest
             ... wielding a +0 flail
              (6 damage)
             ... on level 6 of the Dungeon.
             The game lasted 00:02:51 (509 turns).

Implojin the Grappler (Troll Monk)                   Turns: 509, Time: 00:02:52

Health: 0/59       AC:  5    Str: 20    XL:     6   Next: 62%
Magic:  5/5        EV: 10    Int:  6    God:
Gold:   27         SH:  0    Dex: 14    Spells: 0 memorised, 5 levels left

rFire  . . .     SeeInvis .       - Unarmed
rCold  . . .     Clarity  .     a - +0 robe
rNeg   . . .     SustAt   .     (no shield)
rPois  .         Gourm    +     (helmet restricted)
rElec  .         Spirit   .     (no cloak)
rCorr  .         Warding  .     (gloves unavailable)
rMut   .         Stasis   .     (boots unavailable)
MR     .....                    (no amulet)
Stlth  ++........               (no ring)
                                (no ring)

@: not resistant to hostile enchantments, unstealthy
A: unfitting armour, claws 3, fast metabolism 3, gourmand, regeneration 2,
shaggy fur 1, tough skin 2
a: no special abilities


You were on level 6 of the Dungeon.
You were full.

You visited 1 branch of the dungeon, and saw 6 of its levels.

You collected 27 gold pieces.

Inventory:

Armour
 a - a +0 robe (worn)
Wands
 f - a wand of digging (8)
Scrolls
 e - a scroll of enchant weapon {unknown}
 g - a scroll of identify {unknown}
 i - 2 scrolls of noise {unknown}
 j - a scroll of recharging {unknown}
Potions
 d - a potion of flight {unknown}
 h - a potion of lignification {unknown}
Comestibles
 b - 4 bread rations


   Skills:
 - Level 2.4 Fighting
 - Level 2.4 Dodging
 - Level 1.1 Stealth
 * Level 8.0 Unarmed Combat


You had 5 spell levels left.
You didn't know any spells.

Dungeon Overview and Level Annotations

Branches:
Dungeon (6/15)
 Temple: D:4-7

Altars:
Vehumet

Annotations:
D:3 kkf5m's ghost, amateur DsAK


Innate Abilities, Weirdness & Mutations

You are too large for most types of armour.
You have claws for hands.
Your metabolism is lightning-fast.
You like to eat raw meat.
You heal very quickly.
You are covered in fur (AC +1).
You have very tough skin (AC +2).


Message History

You kill the orc wizard!
i - 2 scrolls labeled LAWYZE BALUO (gained 1)
Things that are here:
a short sword; a giant spiked club; an orc corpse
Things that are here:
a dagger of draining; a robe
Things that are here:
a short sword; a giant spiked club; an orc corpse
Okay, then.
The ogre completely misses you.
You claw the ogre!
The ogre is severely wounded.
You scratch the ogre.
The ogre is severely wounded.
The ogre barely misses you.
You completely miss the ogre.
The ogre is severely wounded.
The ogre hits you with a giant club!!
* * * LOW HITPOINT WARNING * * *
You barely miss the ogre.
The ogre is severely wounded.
The orc priest invokes the aid of Beogh against you.
Pain shoots through your body!
* * * LOW HITPOINT WARNING * * *
You claw the ogre!
You kill the ogre!
Your base Unarmed Combat skill increases to level 8!
Your life force feels restored.
You barely miss the orc priest. You barely miss the orc priest.
The orc priest hits you with a flail.
* * * LOW HITPOINT WARNING * * *
You scratch the orc priest.
The orc priest is lightly wounded.
The orc priest calls down the wrath of Beogh upon you.
Something smites you!
* * * LOW HITPOINT WARNING * * *
You barely miss the orc priest.
The orc priest is lightly wounded.
The orc priest hits you with a flail.
You die...

.. #### .#
##..## .# #
#....##.
....#####....#.)
#.....÷o...#.#
#######†...#)#
#....#@#
######...#o#
##......#<..#
##........).##
#............#
#........)...#
#..$.........#
#..........>.#
#............#


You could see an orc priest.

Vanquished Creatures
  A sky beast (D:5)
  2 ogres (D:6)
  A giant frog (D:6)
  Ijyb (D:2)
  2 orc wizards
  2 adders
  A worm (D:2)
  2 orcs
  A hobgoblin (D:1)
  3 jackals (D:6)
  A giant cockroach (D:3)
  2 goblins
  A rat (D:2)
20 creatures vanquished.

Notes
Turn   | Place    | Note
--------------------------------------------------------------
     0 | D:1      | Implojin the Troll Monk began the quest for the Orb.
     0 | D:1      | Reached XP level 1. HP: 22/22 MP: 0/0
    93 | D:2      | Noticed Ijyb
   103 | D:2      | Killed Ijyb
   103 | D:2      | Reached skill level 5 in Unarmed Combat
   103 | D:2      | Reached XP level 2. HP: 26/29 MP: 1/1
   103 | D:2      | Reached XP level 3. HP: 32/36 MP: 2/2
   140 | D:3      | Noticed kkf5m's ghost (amateur DsAK)
   197 | D:3      | Found a radiant altar of Vehumet.
   243 | D:5      | Entered Level 5 of the Dungeon
   346 | D:6      | Noticed an ogre
   350 | D:6      | Killed an ogre
   350 | D:6      | Reached skill level 6 in Unarmed Combat
   350 | D:6      | Reached XP level 4. HP: 44/44 MP: 3/3
   362 | D:6      | Noticed a sky beast
   365 | D:6      | Noticed an ogre
   368 | D:6      | Noticed a giant frog
   376 | D:5      | Reached XP level 5. HP: 29/50 MP: 4/4
   391 | D:5      | HP: 2/50 [something (5)]
   411 | D:5      | Killed a sky beast
   411 | D:5      | Reached skill level 7 in Unarmed Combat
   450 | D:6      | Killed a giant frog
   450 | D:6      | Reached XP level 6. HP: 17/59 MP: 5/5
   505 | D:6      | Killed an ogre
   505 | D:6      | Reached skill level 8 in Unarmed Combat
   509 | D:6      | Slain by an orc priest

Action                   |  1- 3 |  4- 6 || total
-------------------------+-------+-------++-------
Melee: Unarmed           |    43 |    46 ||    89
  Use: Potion            |       |     1 ||     1
 Stab: Sleeping          |     1 |       ||     1
  Eat: Chunk             |     1 |     6 ||     7

Table legend:
 A = Turns spent in this place as a percentage of turns spent in the entire game.
 B = Non-inter-level travel turns spent in this place as a percentage of non-inter-level travel turns spent in the entire game.
 C = Inter-level travel turns spent in this place as a percentage of turns spent in this place.
 D = Turns resting spent in this place as a percentage of non-inter-level travel turns spent in this place.
 E = Turns spent auto-exploring this place as a percentage of non-inter-level travel turns spent in this place.
 F = Non-inter-level travel turns spent in this place divided by the number of levels of this place that you've seen.
                   A       B       C       D       E      F
               +-------+-------+-------+-------+-------+----------------------
         Total | 100.0 | 100.0 |   0.0 |   0.0 |   0.0 |  82.7
       Dungeon | 100.0 | 100.0 |   0.0 |   0.0 |   0.0 |  82.7
               +-------+-------+-------+-------+-------+----------------------

Table legend:
 A = Kills in this place as a percentage of kills in entire the game.
 B = Kills by you in this place as a percentage of kills by you in the entire game.
 C = Kills by friends in this place as a percentage of kills by friends in the entire game.
 D = Other kills in this place as a percentage of other kills in the entire game.
 E = Experience gained in this place as a percentage of experience gained in the entire game.
 F = Experience gained in this place divided by the number of levels of this place that you have seen.
                   A       B       C       D       E      F
               +-------+-------+-------+-------+-------+----------------------
         Total | 100.0 | 100.0 |  -nan |  -nan | 100.0 | 100.3
       Dungeon | 100.0 | 100.0 |  -nan |  -nan | 100.0 | 100.3
               +-------+-------+-------+-------+-------+----------------------
